 Dungeon Crawl Stone Soup version 0.29.1-13-g9f3cf754e1 (webtiles) character file.

Game seed: 6518651245189534877

1423 Kosjir the Sneak (level 8, -2/34 HPs)
             Began as a Felid Venom Mage on Jan 26, 2023.
             Was an Elder of Makhleb.
             Slain by a bullfrog (6 damage)
             ... in a bailey.
             The game lasted 00:52:59 (10121 turns).

Kosjir the Sneak (Felid Venom Mage)                Turns: 10121, Time: 00:53:00

Health: -2/34      AC:  2    Str:  6    XL:     8   Next: 44%
Magic:  1/17       EV: 21    Int: 19    God:    Makhleb [****..]
Gold:   476        SH:  0    Dex: 22    Spells: 2/18 levels left
                                        Lives:  0   Deaths: 2

rFire   . . .      SeeInvis +     - Unarmed
rCold   . . .      Faith    +   (shield unavailable)
rNeg    . . .      Spirit   .   (body armour unavailable)
rPois   .          Reflect  .   (helmet unavailable)
rElec   .          Harm     .   (cloak unavailable)
rCorr   .          Rampage  .   (gloves unavailable)
Will    +....      Rage     3%  (boots unavailable)
Stlth   ++++......              d - amulet of faith
HPRegen 0.11/turn               c - +6 ring of dexterity
MPRegen 0.15/turn               (no ring)

@: quick
A: very small, claws 1, fangs 3, see invisible, speed 1, shaggy fur 2, stealthy
paws, no weapons or thrown items, no armour, multi-lived, berserk 1, no potion
heal 1
a: Renounce Religion, Minor Destruction, Lesser Servant of Makhleb, Major
Destruction


You were in a bailey.
You worshipped Makhleb.
Makhleb was greatly pleased with you.
You visited 1 branch of the dungeon, and saw 8 of its levels.
You also visited: Sewer and Bailey.

You collected 476 gold pieces.

Inventory:

Jewellery
 c - a +6 ring of dexterity (left paw)
 d - an amulet of faith (around neck)
 o - a +6 ring of dexterity
Wands
 f - a wand of roots (12)
Scrolls
 e - a scroll of poison
 i - 2 scrolls of fog
 k - a scroll of teleportation
 l - a scroll of enchant weapon {unknown}
 m - 2 scrolls of blinking {unknown}
 n - a scroll of brand weapon {unknown}
Potions
 a - a potion of brilliance
 b - a potion of attraction


   Skills:
 * Level 3.2 Fighting
 * Level 5.5 Dodging
 * Level 6.1 Stealth
 * Level 3.6 Unarmed Combat
 * Level 5.8 Spellcasting
 * Level 2.7 Conjurations
 * Level 3.7 Hexes
 * Level 3.8 Transmutations
 * Level 2.8 Fire Magic
 * Level 2.9 Air Magic
 * Level 4.5 Poison Magic
 * Level 3.0 Invocations
 * Level 3.4 Evocations


You had 2 spell levels left.
You knew the following spells:

 Your Spells              Type           Power      Damage    Failure   Level
a - Sting                 Tmut/Pois      84%        1d7       1%          1
b - Poisonous Vapours     Pois/Air       38%        N/A       3%          2
c - Static Discharge      Conj/Air       16%        3-5/arc   5%          2
d - Mephitic Cloud        Conj/Pois/Air  18%        N/A       9%          3
e - Scorch                Fire           32%        2d7       5%          2
f - Tukima's Dance        Hex            19%        N/A       8%          3
g - Inner Flame           Hex/Fire       18%        N/A       9%          3

Your spell library contained the following spells:

 Spells                   Type           Power      Damage    Failure   Level
 Olgreb's Toxic Radiance  Pois           22%        N/A       19%         4
 Cause Fear               Hex            9%         N/A       24%         4
 Fulminant Prism          Conj/Hex       8%         3d7       30%         4
 Flame Wave               Conj/Fire      16%        2d7       34%         4
 Iskenderun's Mystic Bla  Conj/Tloc      10%        2d4       54%         4
 Yara's Violent Unravell  Hex/Tmut       10%        3d6       54%         5
 Lightning Bolt           Conj/Air       8%         1d20      67%         5
 Passage of Golubria      Tloc           5%         N/A       75%         4
 Lee's Rapid Deconstruct  Erth           2%         3d6*      97%         5
 Summon Cactus Giant      Summ           2%         N/A       100%        6
 Discord                  Hex            9%         N/A       100%        8
 Maxwell's Capacitive Co  Air            8%         ∞         100%        8


Dungeon Overview and Level Annotations

Branches:
Dungeon (8/15)             Temple (0/1) D:6           Sewer (visited)
 Bailey (1/1)
   Lair: D:8-11

Altars:
Fedhas
Makhleb
Nemelex Xobeh
Qazlal
Ru
Trog
Uskayaw
Zin
The Shining One


Innate Abilities, Weirdness & Mutations

You have sharp claws.
You have razor-sharp teeth.
You have supernaturally acute eyesight. (SInv)
You cover ground quickly. (Speed+)
You are covered in thick fur. (AC +2)
Your paws help you pounce on unaware monsters.
You are incapable of wielding weapons or throwing items.
You cannot wear armour.
You gain extra lives every three experience levels.
You sometimes lose your temper in combat.
Potions are less effective at restoring your health.


Message History

Makhleb accepts your kill.
You feel better. The bullfrog completely misses you.
Your orange demon stings the blink frog!
Your orange demon hits the blink frog.
The bullfrog misses you.
Your Invocations skill increases to level 3!
Aiming: Fastroot
Press: ? - help, Shift-Dir - straight line, f - bullfrog
Aim: a bullfrog
Okay, then.
Really read the scroll of poison?
The air fills with toxic fumes!
As you read the scroll of poison, it crumbles to dust.
The blink frog blinks!
Your orange demon stings the bullfrog.
Your orange demon hits the bullfrog.
The bullfrog misses you.
The bullfrog hits your orange demon but does no damage.
The bullfrog misses you.
Unknown command.
What are your orders? t - Meow!
Orders for allies: a - Attack new target. r - Retreat! s - Stop attacking. g - Guard the area. f - Follow me.
Anything else - Cancel.
Gang up on whom?
Press: ? - help, Dir - move target, f - bullfrog
Aim: a bullfrog (translocational energy, moderately wounded) Attack!
The bullfrog hits you. The bullfrog closely misses you.
Your orange demon stings the bullfrog.
Your orange demon hits the bullfrog.
The bullfrog hits you.
* * * LOW HITPOINT WARNING * * *
The bullfrog barely misses you.
Aiming: Minor Destruction (3% risk of failure)
Press: ? - help, Shift-Dir - straight line, f - bullfrog, p - bullfrog
Aim: a bullfrog The zap hits the bullfrog.
The bullfrog is lightly wounded.
The zap misses the bullfrog.
The zap misses you. x2
Your orange demon stings the bullfrog.
Your orange demon hits the bullfrog.
The bullfrog closely misses you. The bullfrog hits you.
You die...

#########
##.§§§#§§####≈
#..§F4#§§§≈≈≈~
#...#§F§§.~~~~.
#...#§F#....... #..
#@F#≈≈≈~~.. #..
#######≈~.. #####
...... ~~~
##...##)..... ~~
#..∩))'....#+## ~
#...)p######..###
#..∩.†p§§~##....###
##...##~~~~#......#
#####~~~))).....#


You could see 4 bullfrogs and a friendly orange demon (summoned).

Vanquished Creatures
  Grinder (D:5)
  4 humans (Bailey)
  A water moccasin (Sewer)
  An ice beast (D:6)
  An orc warrior (D:8)
  A sky beast (D:7)
  An ogre (D:7)
  A phantom (D:7)
  7 bullfrogs (Bailey)
  2 necrophages
  2 scorpions
  4 wights (D:7)
  A howler monkey (D:4)
  8 hounds
  An orc priest (D:7)
  Crazy Yiuf (D:2)
  A gnoll bouda (D:6)
  Jessica (D:2)
  5 iguanas
  3 orc wizards
  13 gnolls
  8 adders
  A river rat (D:5)
  3 shadow imps
  A white imp (D:6)
  An ufetubus (D:5)
  A dart slug (D:4)
  28 orcs
  14 bats
  5 endoplasms
  2 giant cockroaches
  18 goblins
  9 hobgoblins
  4 jackals
  8 kobolds
  4 quokkas
  7 ball pythons
  2 frilled lizards (D:1)
  9 rats
185 creatures vanquished.

Vanquished Creatures (collateral kills)
  A wight (D:7)
  An orc wizard (D:5)
  A gnoll (D:7)
  An orc (D:5)
4 creatures vanquished.

Vanquished Creatures (others)
  7 dancing weapons
  14 fungi
  A plant (D:1)
22 creatures vanquished.

Grand Total: 211 creatures vanquished

Notes
Turn   | Place    | Note
-------+----------+-------------------------------------------
     0 | D:1      | Kosjir the Felid Venom Mage began the quest for the Orb.
     0 | D:1      | Reached XP level 1. HP: 7/7 MP: 4/4
   252 | D:1      | Reached XP level 2. HP: 11/11 MP: 4/6
   279 | D:1      | Learned a level 2 spell: Poisonous Vapours
   678 | D:2      | Learned a level 2 spell: Static Discharge
  1046 | D:2      | Reached XP level 3. HP: 10/14 MP: 3/7
  1149 | D:2      | Found a runed translucent door.
  1150 | D:2      | Noticed Crazy Yiuf
  1329 | D:3      | Reached skill level 3 in Stealth
  1546 | D:3      | Found a burning altar of Makhleb.
  1549 | D:3      | Noticed an Executioner
  1551 | D:3      | Found a glowing silver altar of Zin.
  1551 | D:3      | Noticed an angel
  1562 | D:3      | Reached XP level 4. HP: 14/18 MP: 5/8
  1618 | D:3      | Became a worshipper of Makhleb the Destroyer
  1659 | D:3      | Learned a level 3 spell: Mephitic Cloud
  2569 | D:3      | Reached skill level 1 in Air Magic
  2870 | D:2      | Noticed Jessica
  2886 | D:2      | Reached skill level 1 in Unarmed Combat
  2889 | D:2      | Killed Jessica
  2890 | D:2      | Reached XP level 5. HP: 19/21 MP: 3/10
  3089 | D:2      | Killed Crazy Yiuf
  3090 | D:2      | Reached skill level 1 in Fighting
  3172 | D:2      | Identified the +6 hammer of the Scorned {vorpal, rF- rCorr
                  | Int+4}
  3239 | D:1      | Found a faded altar of an unknown god.
  3255 | D:1      | Reached * piety under Makhleb
  3904 | D:1      | Learned a level 2 spell: Scorch
  4157 | D:4      | Gained mutation: You are covered in thick fur. (AC +2)
                  | [Felid growth]
  4157 | D:4      | Reached XP level 6. HP: 23/25 MP: 4/11
  4435 | D:4      | Reached skill level 4 in Stealth
  4476 | D:4      | Reached skill level 1 in Conjurations
  4581 | D:4      | Reached skill level 1 in Evocations
  4698 | D:4      | Reached ** piety under Makhleb
  5023 | D:4      | Gained mutation: You sometimes lose your temper in combat.
                  | [potion of mutation]
  5023 | D:4      | Gained mutation: Potions are less effective at restoring
                  | your health. [potion of mutation]
  5032 | D:5      | Entered Level 5 of the Dungeon
  5046 | D:5      | Reached skill level 1 in Invocations
  5090 | D:5      | Found a glowing drain.
  5094 | Sewer    | Entered a sewer
  5218 | Sewer    | Noticed a water moccasin
  5227 | Sewer    | Killed a water moccasin
  5228 | Sewer    | Reached XP level 7. HP: 15/28 MP: 10/13
  5555 | D:5      | Learned a level 3 spell: Tukima's Dance
  5619 | D:5      | Reached skill level 1 in Fire Magic
  5741 | D:5      | Found a stormy altar of Qazlal.
  5802 | D:5      | Noticed Grinder
  5822 | D:5      | Killed Grinder
  5823 | D:5      | Reached skill level 5 in Stealth
  5823 | D:5      | Reached skill level 1 in Hexes
  6599 | D:5      | Reached XP level 8. HP: 19/33 MP: 4/15
  6868 | D:5      | Found a blossoming altar of Fedhas.
  6976 | D:6      | Reached *** piety under Makhleb
  7096 | D:6      | Found a staircase to the Ecumenical Temple.
  7661 | D:6      | Identified the +8 quarterstaff of Fatigue {vorpal, MP+9
                  | Str-4 Int+5}
  7711 | D:6      | Found a sacrificial altar of Ru.
  8237 | D:7      | Found a large runed translucent door.
  8382 | D:7      | Found a large runed translucent door.
  8394 | D:7      | Found a hide-covered altar of Uskayaw.
  8406 | D:7      | Found a sparkling altar of Nemelex Xobeh.
  8470 | D:7      | Learned a level 3 spell: Inner Flame
  8490 | D:7      | Slain by a wight
  8491 | D:7      | Reached XP level 7. HP: 0/28 MP: 7/15
  8491 | D:7      | Reached skill level 5 in Dodging
  8765 | D:7      | Reached skill level 5 in Spellcasting
  8765 | D:7      | Reached XP level 8. HP: 30/34 MP: 4/16
  9083 | D:7      | Noticed a cyclops
  9297 | D:7      | Found a glowing golden altar of the Shining One.
  9433 | D:7      | Found a bloodstained altar of Trog.
  9757 | D:8      | Found a flagged portal.
  9774 | Bailey   | Entered a bailey
  9847 | Bailey   | Reached **** piety under Makhleb
 10018 | Bailey   | Reached skill level 6 in Stealth
 10018 | Bailey   | Reached XP level 9. HP: 31/37 MP: 6/18
 10089 | Bailey   | Slain by a human
 10090 | Bailey   | Reached XP level 8. HP: -4/51 MP: 2/17
 10109 | Bailey   | Noticed a blink frog
 10121 | Bailey   | Slain by a bullfrog

Illustrated notes

Levels and vault maps discovered:
D:1:      dpeg_arrival_round_c, layout_basic,
          ebering_ecumenical_altar_abandoned, serial_bayou_pond_b,
          minmay_close_crescents
D:2:      layout_rooms, uniq_jessica, uniq_crazy_yiuf_cottage
D:3:      layout_basic, grunt_temple_overflow_order_and_chaos_2,
          kennysheep_generic_room_8
D:4:      layout_basic
D:5:      layout_basic, marbit_many_paths, grunt_qazlal_sundering,
          gup_sewer_entry_bowl, kennysheep_nondescript, uniq_grinder
D:6:      layout_basic, kennysheep_mini, minmay_temple_entry_trees
D:7:      layout_basic, mainiacjoe_overflow_chevrons, trog_three_pillars_becter,
          jmf_multi_god_temple2, chequers_serial_rivers_micro_b, minivault_24
D:8:      layout_basic, enter_bailey_4, small_chamber_with_monster,
          uniq_prince_ribbit1, uniq_gastronok
Bailey:   bailey_axe_froggy_fort_hellmonk, bailey

Skill      XL: |  1  2  3  4  5  6  7  8 |
---------------+-------------------------+-----
Poison Magic   | 3 4 |  4.5
Dodging        | 3 5 |  5.5
Stealth        | 3 4 5 6 |  6.1
Air Magic      | 1 2 |  2.9
Unarmed Combat | 1 2 3 |  3.6
Fighting       | 1 2 3 |  3.2
Spellcasting   | 3 5 |  5.8
Conjurations   | 1 2 |  2.7
Transmutations | 2 3 |  3.8
Evocations     | 1 2 3 |  3.4
Invocations    | 1 3 |  3.0
Fire Magic     | 1 2 |  2.8
Hexes          | 1 3 |  3.7

Action                   |  1- 3 |  4- 6 |  7- 9 || total
-------------------------+-------+-------+-------++-------
Melee: Unarmed           |    20 |    42 |    51 ||   113
       Bite              |     3 |     5 |     8 ||    16
       Punch             |       |       |     1 ||     1
 Cast: Sting             |    15 |    13 |     3 ||    31
       Static Discharge  |    15 |    45 |    66 ||   126
       Poisonous Vapours |     3 |     6 |     3 ||    12
       Mephitic Cloud    |       |     6 |     8 ||    14
       Scorch            |       |     9 |    53 ||    62
       Tukima's Dance    |       |       |    15 ||    15
Invok: Minor Destruction |       |     2 |     4 ||     6
       Lesser Servant of |       |       |     2 ||     2
       Major Destruction |       |       |     1 ||     1
Evoke: Wand              |       |     2 |    22 ||    24
  Use: Scroll            |     4 |     5 |     4 ||    13
       Potion            |     1 |     1 |     6 ||     8
 Stab: Sleeping          |     1 |    13 |     7 ||    21
       Confused          |       |     2 |     1 ||     3
       Distracted        |       |     1 |     2 ||     3
Armor: Skin              |     2 |    11 |    12 ||    25
Dodge: Dodged            |    36 |   108 |   177 ||   321
